 Dungeon Crawl Stone Soup version 0.17-a0-18-gc25b939 (console) character file.

6 MrRokkomies the Grasshopper (level 1, -2/14 HPs)
             Began as a High Elf Warper on Mar 7, 2015.
             Slain by a giant gecko (3 damage)
             ... on level 1 of the Dungeon.
             The game lasted 00:01:01 (383 turns).

MrRokkomies the Grasshopper (High Elf Warper)        Turns: 383, Time: 00:01:01

Health: -2/14      AC:  3    Str: 10    XL:     1   Next: 75%
Magic:  13/13      EV: 12    Int: 16    God:
Gold:   64         SH:  0    Dex: 14    Spells: 1 memorised, 3 levels left

rFire  . . .     SeeInvis .     a - +0 falchion
rCold  . . .     Clarity  .     b - +0 leather armour
rNeg   . . .     SustAb   .     (no shield)
rPois  .         Gourm    .     (no helmet)
rElec  .         Spirit   .     (no cloak)
rCorr  .         Warding  .     (no gloves)
rMut   .         Stasis   .     (no boots)
MR     .....                    (no amulet)
Stlth  +.........               (no ring)
                                k - ring of magical power

@: not resistant to hostile enchantments, very unstealthy
A: no striking features
a: no special abilities


You were on level 1 of the Dungeon.
You were not hungry.

You visited 1 branch of the dungeon, and saw 1 of its levels.

You collected 64 gold pieces.

Inventory:

Hand weapons
 a - a +0 falchion (weapon)
Missiles
 e - 5 tomahawks of dispersal (quivered)
Armour
 b - a +0 leather armour (worn)
Jewellery
 k - a ring of magical power (left hand)
Scrolls
 d - a scroll of blinking
 g - a scroll of fog {unknown}
 i - a scroll of noise {unknown}
Potions
 h - 2 potions of curing {unknown}
 j - a potion of flight {unknown}
 l - a potion of restore abilities {unknown}
 m - a potion of degeneration {unknown}
Books
 c - a book of Spatial Translocations

   Spells                             Type                      Level
   a - Apportation                    Translocation                1
   b - Blink                          Translocation                2
   c - Shroud of Golubria             Charms/Translocation         2
   d - Portal Projectile              Translocation                3
   e - Teleport Other                 Translocation                3
   f - Passage of Golubria            Translocation                4
Comestibles
 f - a bread ration


   Skills:
 - Level 2.0 Fighting
 * Level 2.9 Long Blades
 - Level 1.1 Throwing
 - Level 0.8 Armour
 * Level 2.4 Dodging
 - Level 2.4 Spellcasting
 - Level 3.2 Translocations


You had 3 spell levels left.
You knew the following spells:

 Your Spells              Type           Power        Failure   Level  Hunger
a - Apportation           Tloc           ##........   10%         1    #......


Dungeon Overview and Level Annotations

Branches:
Dungeon (1/15)

Altars:


Message History

You barely miss the giant gecko.
The giant gecko is severely wounded.
The giant gecko bites you.
Your leather armour prevents you from hitting the giant gecko.
The giant gecko is severely wounded.
The giant gecko closely misses you.
You barely miss the giant gecko.
The giant gecko is severely wounded.
The giant gecko bites you.
* * * LOW HITPOINT WARNING * * *
The giant gecko hisses menacingly.
The giant gecko bites you.
* * * LOW HITPOINT WARNING * * *
You closely miss the giant gecko.
The giant gecko is severely wounded.
The giant gecko barely misses you.
You closely miss the giant gecko.
The giant gecko is severely wounded.
The giant gecko bites you.
You die...

....'...# #.# #.# #.
#######..# #.# #.# #. #6#p#
..# #.# ######.###† #####
.... ... ....(....... ##.##
#.# ............. ..# #.#
............. #.## #.#
#............. ######..# #l#
#.........####
......)..####@#.#.........# #
...............#.#.........#
#
...........###.#.#.........#
#
............##.#.#.........#
#
...........#.##.#.#.........#
#
.........†.#..#.#.#.........#
.
#############.#.#.#.#########
# #.#.#.#.# #
#...#.#.#########


You could see a giant gecko.

Vanquished Creatures
  A ball python (D:1)
  A kobold (D:1)
  A bat (D:1)
  A giant newt (D:1)
  2 goblins (D:1)
6 creatures vanquished.

Notes
Turn   | Place    | Note
--------------------------------------------------------------
     0 | D:1      | MrRokkomies, the High Elf Warper, began the quest for the Orb.
     0 | D:1      | Reached XP level 1. HP: 14/14 MP: 4/4
     2 | D:1      | Noticed a felid
     6 | D:1      | Noticed a ghoul
     6 | D:1      | Noticed a formicid
     8 | D:1      | Noticed an ogre
     8 | D:1      | Noticed a tengu
    10 | D:1      | Noticed a troll
    12 | D:1      | Noticed a spriggan
    14 | D:1      | Noticed a merfolk
    14 | D:1      | Noticed a minotaur
    16 | D:1      | Noticed a vine stalker
    16 | D:1      | Noticed a gargoyle
    18 | D:1      | Noticed a naga
    18 | D:1      | Noticed an elf
    20 | D:1      | Noticed a dwarf
    20 | D:1      | Noticed a draconian
    22 | D:1      | Noticed an octopode
    22 | D:1      | Noticed a centaur
    24 | D:1      | Noticed a human
    24 | D:1      | Noticed a demonspawn
    26 | D:1      | Noticed a vampire
    26 | D:1      | Noticed a demigod
   383 | D:1      | Slain by a giant gecko

Action                   || total
-------------------------++-------
Melee: Falchion          ||    27
